 Dungeon Crawl Stone Soup version 0.22.0-49-gab54619 (webtiles) character file.

151 Loudmushroom the Shield-Bearer (level 5, -1/33 HPs)
             Began as a Gargoyle Fighter on Sept 5, 2018.
             Killed by divine providence
             ... invoked by an orc priest
              (17 damage)
             ... on level 3 of the Dungeon.
             The game lasted 00:10:00 (2226 turns).

Loudmushroom the Shield-Bearer (Gargoyle Fighter)   Turns: 2226, Time: 00:10:01

Health: -1/33      AC: 14    Str: 21    XL:     5   Next: 33%
Magic:  5/5        EV:  7    Int:  8    God:
Gold:   169        SH:  9    Dex:  9    Spells: 4/4 levels left

rFire    . . .     SeeInvis .   a - +0 war axe
rCold    . . .     Gourm    .   c - +0 shield
rNeg     + . .     Faith    .   b - +0 scale mail
rPois    ∞         Spirit   .   s - +2 hat
rElec    +         Reflect  .   t - +0 cloak
rCorr    .         Harm     .   (no gloves)
MR       .....                  (no boots)
Stlth    ..........             (no amulet)
HPRegen  0.11/turn              (no ring)
MPRegen  0.09/turn              (no ring)

@: no status effects
A: negative energy resistance 1, electricity resistance, unbreathing,
petrification resistance, rot immunity, AC +4
a: no special abilities


You were on level 3 of the Dungeon.
You were not hungry.

You visited 1 branch of the dungeon, and saw 3 of its levels.

You collected 169 gold pieces.

Inventory:

Hand Weapons
 a - a +0 war axe (weapon)
 e - a +0 spear
 n - a +0 mace
Missiles
 h - 81 stones (quivered)
 k - 42 bolts
Armour
 b - a +0 scale mail (worn)
 c - a +0 shield (worn)
 g - a cursed +0 pair of gloves
 s - a +2 hat (worn)
 t - a +0 cloak (worn)
Scrolls
 i - a scroll of immolation {unknown}
 j - 2 scrolls of fog {unknown}
 o - a scroll of identify {unknown}
 p - 2 scrolls of remove curse {unknown}
 r - a scroll of teleportation {unknown}
Potions
 d - 4 potions of might
 l - a potion of heal wounds {unknown}
 m - a potion of curing {unknown}
 q - a potion of mutation {unknown}
 u - a potion of degeneration {unknown}
 v - a potion of brilliance {unknown}
Comestibles
 f - 2 rations


   Skills:
 + Level 4.1 Fighting
 * Level 3.3 Axes
 + Level 4.0 Armour
 + Level 4.1 Shields


You had 4 spell levels left.
You didn't know any spells.
Your spell library was empty.

Dungeon Overview and Level Annotations

Branches:
Dungeon (3/15)

Altars:


Innate Abilities, Weirdness & Mutations

You are resistant to torment.
Your stone body is resilient. (AC +4)
You are immune to poison.
You resist negative energy. (rN+)
You are resistant to electric shocks. (rElec)
You can survive without breathing.
You are immune to petrification.
You are immune to rotting.


Message History

You hit the orc wizard but do no damage.
The orc wizard is almost dead.
You hit the frilled lizard.
You kill the frilled lizard!
The orc priest calls down the wrath of Beogh upon you.
Pain shoots through your body!
The orc wizard hits you but does no damage.
You hit the orc wizard.
You kill the orc wizard!
You hit the orc. You barely miss the orc.
The orc is heavily wounded.
You hit the orc.
You block the orc's attack. x2; The orc closely misses you.
You hit the orc.
You kill the orc!
You hit the orc.
The orc priest invokes the aid of Beogh against you.
Beogh smites you!
Ouch! That really hurt!
You die...

#.# #.# #.#### #.###
#....# #...# ####.# ##
###.# #.# ..# #.# #.#
...# #.## #.#
......###..### #.#
#+#####...............
#.#
#....@)o......####.##.
#.# #.###o#......
#.##> #.######.# #.#
...$. #.##.
#......#.###.# ..%.
#.##. ######.'.....#
... #.##. #..#####+#
.. #.##. #..... .
#.##. #.....# #.#.
#.##[ ## #...... ...
#.##.


You could see an orc priest and an orc.

Vanquished Creatures
  An orc wizard (D:3)
  3 adders
  5 worms
  2 dart slugs (D:1)
  4 leopard geckos
  6 orcs (D:3)
  A giant cockroach (D:1)
  6 goblins
  11 hobgoblins
  3 jackals (D:1)
  A quokka (D:3)
  3 ball pythons
  7 bats
  4 frilled lizards
  8 kobolds
  9 rats
  3 fungi (D:3)
77 creatures vanquished.

Notes
Turn   | Place    | Note
-------+----------+-------------------------------------------
     0 | D:1      | Loudmushroom the Gargoyle Fighter began the quest for the
                  | Orb.
     0 | D:1      | Reached XP level 1. HP: 14/14 MP: 1/1
   261 | D:1      | Reached XP level 2. HP: 19/19 MP: 2/2
   668 | D:1      | Reached XP level 3. HP: 23/23 MP: 3/3
  1172 | D:2      | Reached XP level 4. HP: 29/29 MP: 4/4
  2009 | D:3      | Reached XP level 5. HP: 33/33 MP: 5/5
  2226 | D:3      | Killed from afar by an orc priest

Skill      XL: |  1  2  3  4  5 |
---------------+----------------+-----
Axes           | 2 3 |  3.3
Shields        | 4 |  4.1
Fighting       | 4 |  4.1
Armour         | 4 |  4.0

Action                   |  1- 3 |  4- 6 || total
-------------------------+-------+-------++-------
Melee: War axe           |   124 |   168 ||   292
  Eat: Chunk             |     1 |     4 ||     5
Armor: Scale mail        |    94 |   118 ||   212
Dodge: Dodged            |    52 |    48 ||   100
Block: Shield            |    75 |   100 ||   175
